Cogmind - Beta 9.6 @@@ ROGUE MODE // 2020.05.10 @ 00:04:04 Player: Judas Result: Destroyed by G-34 Mercenary with Small Laser Performance ------------- Evolutions (0) 0 Regions Visited (4) 800 Robots Destroyed (19) 95 Value Destroyed (506) 506 Prototype IDs (3) 60 Alien Tech Used (0) 0 Bonus (371) 371 TOTAL SCORE: 1832 Bonus ------- Follower Combat Kills 71 Aligned with FarCom 300 Cogmind --------- Core Integrity 0/250 Matter 93/300 Energy 245/250 System Corruption 0% Temperature Cool (37) Movement Walking (240) Ox4 Location -9/Mines Parts ------- > --- POWER (1) -------- Ion Engine > --- PROPULSION (2) --- Aluminum Leg Aluminum Leg > --- UTILITY (2) ------ Humpback > --- WEAPON (2) ------- Bore Cannon > --- INVENTORY (24) --- Ion Engine Fission Core Wheel Small Storage Unit Humpback AWS/Gauss Peak State ------------ > --- POWER ------------ Ion Engine > --- PROPULSION ------- Aluminum Leg Aluminum Leg > --- UTILITY ---------- Small Storage Unit Signal Interpreter > --- WEAPON ----------- AWS/Gauss > --- INVENTORY -------- Ion Engine Fission Core Aluminum Leg Aluminum Leg Wheel Wheel [Rating: 22] Favorites ----------- Power Ion Engine Engine Ion Engine Propulsion Aluminum Leg Leg Aluminum Leg Utility Small Storage Unit Device Sensor Array Storage Small Storage Unit Processor Signal Interpreter Weapon Assault Rifle Energy Gun Small Laser Ballistic Gun Assault Rifle Ballistic Cannon Bore Cannon Build | -11 -10 -10 -10 -9 ------- Run | Scr Mat Min Exi Min Slots Evolved . | . . . . . Power . | . . . . . Propulsion . | . . . . . Utility . | . . . . . Weapon . | . . . . . Parts Attached 29 | 1 7 13 7 1 Power 4 | . 2 2 . . Engine 4 | . 2 2 . . Core . | . . . . . Reactor . | . . . . . Propulsion 9 | . 3 6 . . Treads . | . . . . . Leg 9 | . 3 6 . . Wheel . | . . . . . Hover . | . . . . . Flight . | . . . . . Utility 6 | . 1 . 5 . Device 2 | . 1 . 1 . Storage 3 | . . . 3 . Processor 1 | . . . 1 . Hackware . | . . . . . Protection . | . . . . . Artifact . | . . . . . Weapon 10 | 1 1 5 2 1 Energy Gun 1 | . . 1 . . Energy Cannon . | . . . . . Ballistic Gun 8 | 1 1 4 2 . Ballistic Cannon 1 | . . . . 1 Launcher . | . . . . . Special Weapon . | . . . . . Impact Weapon . | . . . . . Slashing Weapon . | . . . . . Piercing Weapon . | . . . . . Special Melee Weapon . | . . . . . Unidentified Prototypes 3 | . . . 3 . Parts Lost 5 | . . 5 . . Power . | . . . . . Propulsion 1 | . . 1 . . Utility 1 | . . 1 . . Weapon 3 | . . 3 . . Highest Loss Streak 3 | . . 3 . . Average Slot Usage (%) 84 | . 94 94 84 71 Engine 14 | . 14 14 14 14 Leg 27 | . 28 27 28 28 Device 4 | . 8 10 . . Storage 14 | . 14 14 15 14 Processor 1 | . . . 6 . Energy Gun 2 | . . 1 6 . Ballistic Gun 16 | . 27 25 13 5 Ballistic Cannon 2 | . . . . 8 Naked Turns . | . . . . . Heaviest Build 95 | 11 14 14 95 95 Greatest Support 20 | 20 20 20 20 20 Greatest Overweight (x) 4 | . . 1 4 4 Average Overweight (x) 1 | . . . . 4 Largest Inventory Capacity 24 | 6 6 6 24 24 Average Capacity 12 | 6 6 6 9 24 Most Carried 8 | 6 6 6 7 8 Average Carried 6 | 5 5 5 6 7 Final Capacity 24 | 6 6 6 24 24 Final Carried 8 | 5 6 6 6 8 Class Distribution -------------------- 41% | Scavenger-Mutant 34% | Hauler-Mutant 23% | Mutant Dominant Class ---------------- Mutant | -10/Materials Scavenger-Mutant | -10/Mines Scavenger-Mutant | -10/Exiles Hauler-Mutant | -9/Mines Resources | -11 -10 -10 -10 -9 ----------- Run | Scr Mat Min Exi Min Matter Collected 593 | 222 122 199 . 50 Remotely . | . . . . . Salvage Created 662 | 95 193 332 . 42 Parts 41 | 5 11 22 . 3 Haulers Intercepted . | . . . . . Recyclers Shooed . | . . . . . Parts Field Recycled . | . . . . . Retrieved Matter . | . . . . . Parts Self-Destructed . | . . . . . Prevented . | . . . . . Kills | -11 -10 -10 -10 -9 ------- Run | Scr Mat Min Exi Min Combat Hostiles Destroyed 16 | . 4 11 . 1 Guns 15 | . 4 11 . . Cannons 1 | . . . . 1 Classes Destroyed 7 | 2 2 2 . 1 Tunneler 1 | 1 . . . . Recycler 1 | 1 . . . . Watcher 1 | . 1 . . . Swarmer 3 | . . 3 . . Grunt 11 | . 4 7 . . Duelist 1 | . . . . 1 Assembled 1 | . . 1 . . Best Kill Streak 4 | 2 4 4 . 1 Combat Bots Only 4 | . 4 4 . 1 Max Kills in Single Turn 1 | 1 1 1 . 1 Gunslinging . | . . . . . Exploded . | . . . . . Melee . | . . . . . Uniques/NPCs Destroyed . | . . . . . Combat | -11 -10 -10 -10 -9 -------- Run | Scr Mat Min Exi Min Damage Taken 1334 | . 210 1038 . 86 Core 252 | . . 233 . 19 Absorbed by Shields . | . . . . . Core Remaining (%) 100 | 100 . . . . Volleys Fired 83 | 5 12 62 . 4 Largest 2 | 2 2 2 . 1 Hottest 90 | 90 40 40 . 57 Shots Fired 149 | 10 24 111 . 4 Gun 145 | 10 24 111 . . Cannon 4 | . . . . 4 Launcher . | . . . . . Special . | . . . . . Kinetic 143 | 4 24 111 . 4 Thermal 6 | 6 . . . . Explosive . | . . . . . Electromagnetic . | . . . . . Robot Hit Streak 16 | 3 12 16 . 1 Robot Miss Streak 8 | 2 2 8 . 2 Penetration Max . | . . . . . Secondary Targets 3 | . 1 2 . . Max Gunslinging Chain 1 | . 1 1 . . Shots Hit Robots 88 | 6 20 61 . 1 Core Hits 37 | 3 10 23 . 1 Critical Hits 4 | . . 3 . 1 Critical Kills 1 | . . 1 . . Critical Parts Destroyed 3 | . . 2 . 1 Melee Attacks . | . . . . . Impact . | . . . . . Slashing . | . . . . . Piercing . | . . . . . Sneak Attacks . | . . . . . Combat Hostiles . | . . . . . Follow-up Attacks . | . . . . . Damage Inflicted 998 | 75 273 612 . 38 Guns 960 | 75 273 612 . . Cannons 38 | . . . . 38 Explosions . | . . . . . Melee . | . . . . . Ramming . | . . . . . Kinetic 948 | 25 273 612 . 38 Thermal 50 | 50 . . . . Explosive . | . . . . . Electromagnetic . | . . . . . Impact . | . . . . . Slashing . | . . . . . Piercing . | . . . . . Highest Corruption . | . . . . . Average Corruption . | . . . . . Corruption Purged . | . . . . . Overload Shots . | . . . . . Overflow Damage . | . . . . . Projectiles . | . . . . . Explosions . | . . . . . Melee . | . . . . . Knockbacks . | . . . . . Impact . | . . . . . Kinetic . | . . . . . Secondary . | . . . . . Self-Inflicted Damage . | . . . . . Shots . | . . . . . Rammed . | . . . . . Targets Rammed . | . . . . . Kicked . | . . . . . Crushed . | . . . . . Highest Temperature 50 | 37 13 50 . 32 Average Temperature 16 | 18 5 17 . 21 Received Heat Transfer 657 | . 123 498 . 36 Siege Activations . | . . . . . Robots Corrupted . | . . . . . Combat Hostiles . | . . . . . Parts Fried . | . . . . . Impact Corruptions . | . . . . . Robots Melted . | . . . . . Combat Hostiles . | . . . . . Parts Melted . | . . . . . Heat Transferred 148 | 148 . . . . Parts Sabotaged . | . . . . . Parts Stolen . | . . . . . Parts Stripped . | . . . . . Power Chain Reactions . | . . . . . Missiles Intercepted . | . . . . . Alert | -11 -10 -10 -10 -9 ------- Run | Scr Mat Min Exi Min Peak Influence 196 | 10 128 196 . 74 Average Influence 51 | 6 55 98 . 2 Maximum Alert Level . | . . . . . Low Security (%) 100 | 100 100 100 . 100 Level 1 . | . . . . . Level 2 . | . . . . . Level 3 . | . . . . . Level 4 . | . . . . . Level 5 . | . . . . . High Security . | . . . . . Max Security . | . . . . . Squads Dispatched 1 | . . . . 1 Investigation . | . . . . . Extermination . | . . . . . Reinforcement . | . . . . . Assault 1 | . . . . 1 Garrison . | . . . . . Intercept . | . . . . . Construction Impeded . | . . . . . Haulers Reinforced . | . . . . . Stealth | -11 -10 -10 -10 -9 --------- Run | Scr Mat Min Exi Min Distress Signals 1 | . 1 . . . Communications Jammed . | . . . . . Distress Signals . | . . . . . Times Spotted 27 | . 8 12 . 7 Peak Tracking Total 6 | . 6 5 . 4 Tactical Retreats 1 | . . 1 . . Traps | -11 -10 -10 -10 -9 ------- Run | Scr Mat Min Exi Min Traps Triggered . | . . . . . Indirectly . | . . . . . Trap Hack Attempts . | . . . . . Triggered . | . . . . . Disarmed . | . . . . . Reprogrammed . | . . . . . Reused . | . . . . . Traps Extracted . | . . . . . Installed . | . . . . . Triggered . | . . . . . Machines | -11 -10 -10 -10 -9 ---------- Run | Scr Mat Min Exi Min Machines Disabled . | . . . . . Max in Single Turn . | . . . . . Machines Sabotaged . | . . . . . Garrisons Compromised . | . . . . . Overloaded Fab Kills . | . . . . . Fab Network Shutdowns . | . . . . . Hacking | -11 -10 -10 -10 -9 --------- Run | Scr Mat Min Exi Min Machines Accessed 4 | . 1 . 3 . Terminals 1 | . 1 . . . Fabricators . | . . . . . Repair Stations . | . . . . . Recycling Units . | . . . . . Scanalyzers . | . . . . . Garrison Access . | . . . . . Total Hacks 27 | . 2 . 25 . Successful 25 | . . . 25 . Failed 2 | . 2 . . . Catastrophic . | . . . . . Database Lockouts . | . . . . . Manual 3 | . 2 . 1 . Terminals 2 | . 2 . . . Fabricators . | . . . . . Repair Stations . | . . . . . Recycling Units . | . . . . . Scanalyzers . | . . . . . Garrison Access . | . . . . . Terminal Hacks 25 | . . . 25 . Record 25 | . . . 25 . Fabricator Hacks . | . . . . . Repair Station Hacks . | . . . . . Recycling Unit Hacks . | . . . . . Scanalyzer . | . . . . . Garrison Access Hacks . | . . . . . Unauthorized Hacks . | . . . . . Terminals . | . . . . . Fabricators . | . . . . . Repair Stations . | . . . . . Recycling Units . | . . . . . Scanalyzers . | . . . . . Garrison Access . | . . . . . Data Cores Recovered . | . . . . . Used . | . . . . . Hacking Detections 1 | . 1 . . . Full Trace Events . | . . . . . Feedback Events . | . . . . . Feedback Blocked . | . . . . . Robot Schematics Acquired . | . . . . . Robots Built . | . . . . . Matter . | . . . . . Time . | . . . . . Total Robot Build Rating . | . . . . . Part Schematics Acquired . | . . . . . Parts Built . | . . . . . Matter . | . . . . . Time . | . . . . . Total Part Build Rating . | . . . . . Parts Repaired . | . . . . . Time . | . . . . . Parts Recycled . | . . . . . Recycled Matter . | . . . . . Retrieved Matter . | . . . . . Retrieved Components . | . . . . . Parts Scanalyzed . | . . . . . Part Schematics Acquired . | . . . . . Parts Damaged . | . . . . . Bothacking | -11 -10 -10 -10 -9 ------------ Run | Scr Mat Min Exi Min Used RIF Installer . | . . . . . Robots Hacked . | . . . . . Non-combat . | . . . . . Combat . | . . . . . Robot Hacks Applied . | . . . . . Relay Couplers Released . | . . . . . Robots Rewired . | . . . . . Allies Hacked . | . . . . . Hacks Repelled . | . . . . . Allies | -11 -10 -10 -10 -9 -------- Run | Scr Mat Min Exi Min Total Allies 4 | . . 3 . 1 Largest Group 3 | . . 3 . 1 Highest-Rated Group 40 | . . 40 . 31 Highest-Rated Ally 31 | . . 16 . 31 Total Orders . | . . . . . Ally Attacks 16 | . . 9 . 7 Total Damage 224 | . . 140 . 84 Kills 5 | . . 2 . 3 Allies Corrupted . | . . . . . Allies Melted . | . . . . . Intel | -11 -10 -10 -10 -9 ------- Run | Scr Mat Min Exi Min Robot Analysis Total . | . . . . . Derelict Logs Recovered 3 | . . 1 . 2 Drone Launches . | . . . . . Drone Recoveries . | . . . . . Exploration | -11 -10 -10 -10 -9 ------------- Run | Scr Mat Min Exi Min Turns Passed 1863 | 45 214 614 420 570 Spaces Moved 947 | 23 132 260 300 232 Core . | . . . . . Treads . | . . . . . Legs 947 | 23 132 260 300 232 Wheels . | . . . . . Hover . | . . . . . Flight . | . . . . . Fastest Speed 120 | 120 120 120 120 240 Average Speed 154 | 120 120 120 135 240 Slowest Speed 240 | 120 120 150 240 240 Overloaded Moves . | . . . . . Propulsion Burnouts . | . . . . . Robots Hopped . | . . . . . Cave-ins Triggered . | . . . . . Time Travels 1 | . . . 1 . Exploration Rate (%) 41 | 3 26 54 62 60 Regions Visited 4 Branch Regions 3 Pre-discovered Areas 1 | . . 1 . . Known Exits Taken . | . . . . . Unknown Exits Taken 4 | 1 1 1 1 . Scrap Searched 1 | . . . . 1 Spaces Dug . | . . . . . Terrain Destroyed 1 | . . . . 1 Melee . | . . . . . Projectile 1 | . . . . 1 AOE . | . . . . . Actions | -11 -10 -10 -10 -9 --------- Run | Scr Mat Min Exi Min Total 1217 | 31 166 462 315 243 Wait 130 | . 5 121 . 4 Move 943 | 22 131 259 299 232 Hop . | . . . . . Pick Up 7 | 1 3 . 2 1 Fast Attach 9 | . 2 2 5 . Attach 4 | . . 2 1 1 Detach 1 | . . . . 1 Swap 16 | 1 5 9 1 . Drop 24 | 2 8 7 7 . Fire 83 | 5 12 62 . 4 Melee . | . . . . . Ram . | . . . . . Kick . | . . . . . Crush . | . . . . . Escape Stasis . | . . . . . Rewire . | . . . . . Trap . | . . . . . Miscellaneous . | . . . . . Route ------- -11/Scrapyard -10/Materials -10/Mines -10/Exiles -9/Mines History --------- Turn | Location | Event 1 | -11/Scrapyard | Discovered new exit (range 1) 46 | -11/Scrapyard | Entered Materials 243 | -10/Materials | Discovered new exit (range 11) 260 | -10/Materials | Entered Mines 338 | -10/Mines | Assisted by bots powering up and referring to "LRC-V3" 453 | -10/Mines | Excavation squad dispatched 453 | -10/Mines | A large section of the Mines collapsed 499 | -10/Mines | Build established: Scavenger-Mutant 695 | -10/Mines | Core integrity fell below 50% 703 | -10/Mines | Excavation squad dispatched 739 | -10/Mines | Core integrity fell below 20% 790 | -10/Mines | Lost 3 parts (1n1u1w) 807 | -10/Mines | Learned location of Storage (-8) 867 | -10/Mines | Deemed a non-threat by the Exiles lab entrance 868 | -10/Mines | Discovered new exit (range 5) 874 | -10/Mines | Entered Exiles 906 | -10/Exiles | Met 8R-AWN 930 | -10/Exiles | Met EX-HEX 965 | -10/Exiles | Met EX-BIN 1005 | -10/Exiles | Aligned with FarCom system 1006 | -10/Exiles | Given EX-Vault access code 1058 | -10/Exiles | Opened EX-Vault 1066 | -10/Exiles | Found Prototype Ballistic Gun 1066 | -10/Exiles | Identified AWS/Gauss 1073 | -10/Exiles | Found Prototype Device 1073 | -10/Exiles | Identified Cloak of Protection 1080 | -10/Exiles | Found Prototype Device 1080 | -10/Exiles | Identified Chronowheel 1080 | -10/Exiles | Activated Chronowheel 1080 | -10/Exiles | Spacetime reconverged on an earlier point 1108 | -10/Exiles | Warned to stay clear of 0b10 Research branches 1144 | -10/Exiles | Met EX-DEC 1268 | -10/Exiles | Discovered new exit (range 10) 1294 | -10/Exiles | Left Exiles lab with AWS/Gauss 1294 | -10/Exiles | Entered Mines 1364 | -9/Mines | Learned Materials emergency access door positions 1371 | -9/Mines | Found a hidden stash of uninstalled traps 1511 | -9/Mines | Build established: Hauler-Mutant 1514 | -9/Mines | A weapon hastily lodged in a ceiling crevice suddenly fell to the ground 1723 | -9/Mines | Learned location of 2 exits from Materials 1787 | -9/Mines | Met a Derelict testing a Signal Generator 1864 | -9/Mines | Destroyed by G-34 Mercenary with Small Laser Last Messages --------------- 01807_ Signal Generator's internal power supply exhausted. 01835_ C-30 ARC bursts open, deploying its payload. 01835_ S-10 Pest unfolds itself. 01843_ HV Slug penetrates Wall. 01845_ S-10 Pest destroyed. 01855_ Acquired 12 matter. 01857_ QP-RLY(g): "Looks like the friends we called actually did show up to play. Couldn't you guys just take that other tunnel?" 01858_ C-30 ARC: "LOCATED POTENTIAL SOURCE OF ANOMALOUS SIGNAL. NEUTRALIZING." 01858_ C-30 ARC bursts open, deploying its payload. 01858_ G-47 Trooper unfolds itself. 01858_ L-31 Rogue unfolds itself. 01858_ G-34 Mercenary unfolds itself. 01858_ M-13 Machinist unfolds itself. 01862_ HV Slug penetrates L-31 Rogue. 01862_ L-31 Rogue suffers critical hit. 01862_ Destroyed Imp. Aluminum Leg. 01862_ HV Slug penetrates Wall. 01864_ L-31 Rogue destroyed. Map ----- +----------------------------------------------------+ | ??????????????????????????????## #????????? | | ??????????????????????????????# ##????????? | | ?????????????????????????????## ##?????????? | | ?????????????????????????????# #??????????? | | ?????????????????????????????# ##?????????? | | ?????????????????????????????# #?????????? | | ?????????????????????????????## #?????????? | | ??????????????????????????????# #?????????? | | ??????????????????????????????### #?????????? | | ??????????????????????########### #?????????? | | ????????????????????# #?????????? | | ??????????????????????######### ###?????????? | | ??????????????????????????????# #???????????? | | ??????????????????????????????# #???????????? | | ????????????????????????????### #???????????? | | ????????????????????????????# #???????????? | | ????????????????????????????# ###???????????? | | ?????????????????####???????# #?????????????? | | ????????????????## ##??????# #?????????????? | | ????????????????# #??????# #?????????????? | | ????????????????# #??????# #?????????????? | | ????????????????# ##?????# #?????????????? | | ????????????????## ##????# #?????????????? | | ?????????????????## ###??# #?????????????? | | ??????????????????### ####%##????????????? | | ????????????????????## = @gg%[ ##???????????? | | ?????????????????????## %/gg ##??????????? | | ??????????????????????###! m=% #??????????? | | ????????????????????????### #??????????? | | ??????????????????????????## ##??????????? | | ???????????????????????????######???????????? | | ????????????????????????????????????????????? | | ????????????????????????????????????????????? | | ????????????????????????????????????????????? | | ????????????????????????????????????????????? | | ????????????????????????????????????????????? | | ????????????????????????????????????????????? | | ????????????????????????????????????????????? | | | | | | | | | | | | | | | | | | | | | | | | | +----------------------------------------------------+ Best States ------------- Heat Dissipation 25 Energy Generation 10 Energy Capacity 250 Matter Stores 300 Matter Capacity 300 Sight Range 16 Robot Scan Range 10 Terrain Scan Density 10 Evasion (%) 40 Item Schematics ----------------- None Robot Schematics ------------------ None Fabricated ------------ Nothing Alien Tech Used ----------------- None Achievements -------------- None Challenges ------------ None Game ------ Seed WeaponRiotCutter Manual? 0 Play Time 00:14:19 Cumulative 59.2 hours Start 2020.05.09 @ 23:50:49 End 2020.05.10 @ 00:04:04 Sessions 1 Manual Loads 0 Difficulty Rogue Special Mode None Game No. 106 Rogue 106 Adventurer 0 Explorer 0 Win Type - Total 0 Types 0/0/0/0/0/0/0 Lore% 31 Gallery% 43 Achievement% 32 Wizard Run 0 Options --------- ASCII 0 Keyboard 0 Movement Mouse Keybinds 0 Fullscreen 2 Font 18/SmallcapsGlow Map View 76x50 Tactical HUD 1 Map Filters NONE Filters NONE Steam X RUN: 62e417e5-087f-47b3-b4dc-1949db3d6aeb